 Dungeon Crawl Stone Soup version 0.30-a0-368-g86fb4627a9 (webtiles) character file.

Game seed: 11102702395260543426

8789 Haldmier the Martial Artist (level 11, -18/92 HPs)
             Began as a Black Draconian Transmuter on Nov 18, 2022.
             Was a Priest of Makhleb.
             Demolished by a white ugly thing (29 damage)
             ... on level 8 of the Dungeon.
             The game lasted 01:06:50 (10328 turns).

Haldmier the Martial Artist (DrTm)                 Turns: 10328, Time: 01:06:51

Health: -18/92     AC:  2    Str: 13    XL:     11   Next: 14%
Magic:  10/14      EV: 24    Int: 16    God:    Makhleb [***...]
Gold:   341        SH:  0    Dex: 18    Spells: 2/14 levels left

rFire   . . .      SeeInvis .      - Unarmed
rCold   . . .      Faith    .    (shield currently unavailable)
rNeg    . . .      Spirit   .    (body armour unavailable)
rPois   x          Reflect  .    (helmet currently unavailable)
rElec   .          Harm     .    (cloak currently unavailable)
rCorr   +          Rampage  .    (gloves currently unavailable)
Will    .....                    (boots currently unavailable)
Stlth   ++........               (no amulet)
HPRegen 0.35/turn                u - ring of resist corrosion
MPRegen 0.14/turn                (no ring)

@: spider-form, wereblooded
A: venomous fangs, (breathe lightning), AC +7, tiny, unfitting armour,
(electricity resistance), (cold-blooded)
a: End Transformation, Renounce Religion, Minor Destruction, Lesser Servant of
Makhleb


You were on level 8 of the Dungeon.
You worshipped Makhleb.
Makhleb was most pleased with you.
You were a venomous arachnid creature.
You visited 3 branches of the dungeon, and saw 11 of its levels.

You collected 815 gold pieces.
You spent 474 gold pieces at shops.

Inventory:

Hand Weapons
 b - a +3 sling
 v - a +0 sling of flaming
Missiles
 e - 112 stones (quivered)
 f - 18 poisoned darts
 n - 9 boomerangs
 y - a throwing net
Armour
 w - a +0 kite shield
Jewellery
 u - a ring of resist corrosion (left front leg)
Wands
 m - a wand of roots (6)
 o - a wand of mindburst (18)
 r - a wand of polymorph (8)
Scrolls
 c - 2 scrolls of teleportation
 d - a scroll of butterflies
 g - 2 scrolls of enchant weapon
 h - a scroll of vulnerability
 i - a scroll of enchant armour
 l - 4 scrolls of fear
 q - 2 scrolls of poison
Potions
 a - 2 potions of lignification
 j - 2 potions of cancellation
 k - 4 potions of attraction
 p - a potion of invisibility
 s - 2 potions of haste
 t - a potion of heal wounds
 x - 2 potions of magic
 z - a potion of mutation {unknown}


   Skills:
 + Level 7.3 Fighting
 + Level 6.4 Dodging
 + Level 1.3 Stealth
 * Level 9.6 Unarmed Combat
 - Level 2.0 Spellcasting
 - Level 3.0 Translocations
 + Level 9.1 Transmutations
 + Level 4.3 Ice Magic
 - Level 3.0 Poison Magic
 + Level 2.5 Invocations


You had 2 spell levels left.
You knew the following spells:

 Your Spells              Type           Power      Damage    Failure   Level
a - Beastly Appendage     Tmut           62%        N/A       3%          1
b - Wereblood             Tmut           31%        N/A       4%          2
c - Spider Form           Tmut/Pois      21%        N/A       14%         3
d - Ice Form              Ice/Tmut       23%        N/A       30%         4
e - Blink                 Tloc           22%        N/A       22%         2

Your spell library contained the following spells:

 Spells                   Type           Power      Damage    Failure   Level
 Slow                     Hex            4%         N/A       41%         1
 Vhi's Electric Charge    Tloc/Air       12%        N/A       54%         3
 Confusing Touch          Hex            1%         N/A       73%         3
 Vampiric Draining        Necr           1%         2d6       73%         3
 Manifold Assault         Tloc           11%        N/A       73%         4
 Yara's Violent Unravell  Hex/Tmut       8%         3d5       83%         5
 Arcjolt                  Conj/Air       0%         1d10      100%        5
 Enfeeble                 Hex            0%         N/A       100%        7
 Storm Form               Tmut/Air       8%         N/A       100%        7
 Maxwell's Capacitive Co  Air            0%         ∞         100%        8


Dungeon Overview and Level Annotations

Branches:
Dungeon (9/15)             Temple (1/1) D:6            Lair (1/5) D:8
    Orc: D:9-12

Altars:
Cheibriados
Dithmenos
Elyvilon
Fedhas
Gozag
Hepliaklqana
Kikubaaqudgha
Makhleb
Nemelex Xobeh
Okawaru
Qazlal
Ru
Sif Muna
Trog
Uskayaw
Vehumet
Wu Jian
Xom
Zin
The Shining One

Shops:
D:2 ?   D:5 :

Annotations:
D:7 Maggie
D:8 exclusions: downstairs and ice statue
D:9 3 runed translucent doors, DEFE's ghost, novice DsWn; PaleRider's ghost, novice TrFi; Sermion's ghost, novice HOBe; Verendum's ghost, novice OpMo; funkygono's ghost, novice DsFE
Lair:1 Sonja


Innate Abilities, Weirdness & Mutations

You are a venomous arachnid creature.
You have poisonous fangs.
You are tiny and dextrous.
Your spellcasting is less reliable in this form.
Your armour is entirely melded.
You are incapable of wielding weapons or throwing items.
((You can breathe wild blasts of lightning.))
((Your glossy black scales are hard. (AC +7)))
You cannot fit into any form of body armour.
((You are resistant to electric shocks. (rElec)))
((You are cold-blooded and may be slowed by cold attacks.))


Message History

The yak bellows!
A yak comes into view.
Press: ? - help, v - describe, . - travel
Here: a white ugly thing The floor.
Okay, then.
Okay, then.
Casting: Spider Form (mildly dangerous; 4% risk of failure)
Confirm with . or Enter, or press ? or * to list all spells.
You turn into a venomous arachnid creature.
Casting: Spider Form (dangerous; 14% risk of failure)
Confirm with . or Enter, or press ? or * to list all spells.
Your blood is infused with primal strength.
Okay, then.
You hit the white ugly thing but do no damage.
The white ugly thing is poisoned.
The white ugly thing gores you! The white ugly thing freezes you!!
You hit the white ugly thing but do no damage.
The white ugly thing looks as sick as possible!
The white ugly thing barely misses you.
You bite the white ugly thing!
The white ugly thing looks as sick as possible!
The white ugly thing is lightly wounded.
The white ugly thing closely misses you.
You bite the white ugly thing!
The white ugly thing looks as sick as possible!
The white ugly thing is heavily wounded.
The white ugly thing gores you! The white ugly thing freezes you!!
* * * LOW HITPOINT WARNING * * *
Found a stone staircase leading up.
The white ugly thing attacks as you move away!
The white ugly thing misses you.
The white ugly thing attacks as you move away!
The white ugly thing completely misses you.
A yak comes into view.
The white ugly thing attacks as you move away!
The white ugly thing gores you!
* * * LOW HITPOINT WARNING * * *
The white ugly thing freezes you!!
You die...

...... ♣.....⌠♣
......##♣....♣# ..
##.....#♣♣♣♣♣# ... #
...#.###### ##.# #
##......... ##...
#####.........###...###
..........# .........#
..........# #.....#
..........# #.s####
.####....... #<.u..#
...# #+##.#.....#.#Y#
##.# ...Y..#.#.# #.#
... .........#Y# #.#
... ......####.# #.#
..## ...... #.# #.# ##
.Y....####.# #.#
........#.# #.#


You could see a white ugly thing (extremely poisoned) and 3 yaks.

Vanquished Creatures
  Harold (Lair:1)
  A two-headed ogre (D:9)
  Joseph (D:7)
  A black mamba (Lair:1)
  2 cane toads
  Psyche (D:9)
  A polar bear (D:8)
  Prince Ribbit (D:9)
  3 wyverns
  2 yaks (D:8)
  Menkaure (D:7)
  2 water moccasins
  Duvessa (D:5)
  2 black bears
  3 ice beasts
  2 sky beasts
  An orc warrior (D:9)
  3 ogres
  A centaur (D:8)
  3 phantoms
  Blork the orc (D:5)
  2 kobold brigands (D:9)
  5 bullfrogs
  4 scorpions
  2 gnoll sergeants (D:9)
  3 necrophages (D:5)
  9 wights
  Dowan (D:5)
  8 killer bees
  3 howler monkeys
  3 orc priests
  5 hounds
  7 jellies
  Jessica (D:2)
  4 iguanas
  8 orc wizards
  2 centaur simulacra (D:8)
  15 gnolls
  7 adders
  4 shadow imps
  6 white imps
  4 ufetubi
  A worm (D:4)
  3 dart slugs
  22 orcs
  10 endoplasms
  2 giant cockroaches
  5 goblins
  2 hobgoblins
  A jackal (D:4)
  5 quokkas
  7 ball pythons
  5 bats
  3 frilled lizards
  14 kobolds
  3 rats (D:2)
  2 rat zombies (D:5)
222 creatures vanquished.

Vanquished Creatures (others)
  A wizard (D:6)
  4 demonic plants (D:5)
  A fungus (Lair:1)
  2 plants (Lair:1)
8 creatures vanquished.

Grand Total: 230 creatures vanquished

Notes
Turn   | Place    | Note
-------+----------+-------------------------------------------
     0 | D:1      | Haldmier the Draconian Transmuter began the quest for the
                  | Orb.
     0 | D:1      | Reached XP level 1. HP: 16/16 MP: 3/3
   936 | D:2      | Found Boedat's Magic Scroll Emporium.
   951 | D:2      | Reached XP level 2. HP: 23/23 MP: 5/5
   955 | D:2      | Bought a scroll of identify for 26 gold pieces
   990 | D:2      | Noticed Jessica
  1000 | D:2      | Killed Jessica
  1001 | D:2      | Reached XP level 3. HP: 29/29 MP: 6/6
  1111 | D:2      | Found a faded altar of an unknown god.
  1605 | D:3      | Reached XP level 4. HP: 36/36 MP: 5/7
  1917 | D:3      | Learned a level 2 spell: Wereblood
  2600 | D:4      | Reached XP level 5. HP: 42/42 MP: 4/8
  2741 | D:4      | Learned a level 3 spell: Spider Form
  2980 | D:4      | Noticed a wyvern
  3004 | D:4      | Killed a wyvern
  3005 | D:4      | Reached skill level 1 in Poison Magic
  3005 | D:4      | Reached XP level 6. HP: 17/51 MP: 6/9
  3421 | D:5      | Entered Level 5 of the Dungeon
  3533 | D:5      | Noticed a water moccasin
  3544 | D:5      | Found Ciezoshi's Book Emporium.
  3548 | D:5      | Noticed Blork the orc
  3574 | D:4      | Your scales start taking on a glossy black colour.
  3574 | D:4      | Reached XP level 7. HP: 35/57 MP: 8/10
  3574 | D:4      | Gained mutation: You are resistant to electric shocks.
                  | (rElec) [Black Draconian growth]
  3789 | D:5      | Reached skill level 5 in Unarmed Combat
  4048 | D:5      | Killed Blork the orc
  4282 | D:5      | Noticed Duvessa
  4311 | D:5      | Reached skill level 5 in Transmutations
  4311 | D:5      | Reached XP level 8. HP: 66/66 MP: 9/11
  4338 | D:5      | Noticed Dowan
  4350 | D:5      | Killed Dowan
  4368 | D:5      | Killed Duvessa
  4577 | D:5      | Learned a level 4 spell: Ice Form
  4735 | D:5      | Reached skill level 1 in Ice Magic
  4780 | D:5      | Reached skill level 5 in Fighting
  5305 | D:6      | Reached XP level 9. HP: 48/74 MP: 9/12
  5416 | D:6      | Found a staircase to the Ecumenical Temple.
  5437 | Temple   | Entered the Ecumenical Temple
  5904 | D:6      | Found a glowing golden altar of the Shining One.
  5915 | D:6      | Reached skill level 5 in Dodging
  5916 | D:6      | Found a burning altar of Makhleb.
  5951 | D:6      | Became a worshipper of Makhleb the Destroyer
  6109 | D:6      | Found a bloodstained altar of Trog.
  6110 | D:6      | Noticed a wizard
  6116 | D:6      | Killed a wizard
  6254 | D:6      | Found an ornate altar of the Wu Jian Council.
  6439 | D:5      | Bought an Inescapable Atlas for 448 gold pieces
  6442 | D:5      | Learned a level 2 spell: Blink
  6595 | D:5      | Found an ancient bone altar of Kikubaaqudgha.
  6823 | D:7      | Noticed Joseph
  6907 | D:7      | Killed Joseph
  6908 | D:7      | Reached skill level 1 in Translocations
  6949 | D:7      | Reached * piety under Makhleb
  7070 | D:7      | Found a stormy altar of Qazlal.
  7083 | D:7      | Noticed Maggie
  7088 | D:7      | Noticed Menkaure
  7247 | D:7      | Killed Menkaure
  7446 | D:7      | You fall into a shaft and drop 1 floor!
  7451 | D:8      | Found a blossoming altar of Fedhas.
  7555 | D:8      | Reached XP level 10. HP: 72/83 MP: 8/13
  7600 | D:8      | Noticed a white ugly thing
  7611 | D:8      | HP: 4/83 [white ugly thing (20)]
  7621 | D:9      | Noticed Psyche
  7621 | D:9      | Noticed Prince Ribbit
  8141 | D:9      | Noticed a two-headed ogre
  8151 | D:9      | Killed a two-headed ogre
  8379 | D:9      | Killed Prince Ribbit
  8379 | D:9      | Reached ** piety under Makhleb
  8493 | D:9      | Killed Psyche
  8868 | D:9      | Found a runed translucent gate.
  8868 | D:9      | Found a runed translucent gate.
  8868 | D:9      | Found a runed translucent gate.
  8868 | D:9      | Noticed PaleRider's ghost (novice TrFi)
  8868 | D:9      | Noticed funkygono's ghost (novice DsFE)
  8869 | D:9      | Noticed Sermion's ghost (novice HOBe)
  8869 | D:9      | Noticed Verendum's ghost (novice OpMo)
  8869 | D:9      | Noticed DEFE's ghost (novice DsWn)
  9274 | D:8      | Noticed an ice statue
  9639 | D:8      | Found a white marble altar of Elyvilon.
  9708 | D:8      | Reached skill level 1 in Invocations
  9751 | D:8      | Found a staircase to the Lair.
  9760 | Lair:1   | Entered Level 1 of the Lair of Beasts
  9760 | Lair:1   | Noticed a cane toad
  9770 | D:8      | Killed a cane toad
  9874 | Lair:1   | Noticed a cane toad
  9920 | Lair:1   | Killed a cane toad
  9942 | Lair:1   | Noticed a black mamba
  9951 | Lair:1   | Killed a black mamba
  9952 | Lair:1   | Reached XP level 11. HP: 92/92 MP: 7/14
 10011 | Lair:1   | Noticed Harold
 10011 | Lair:1   | Noticed Sonja
 10036 | Lair:1   | Killed Harold
 10037 | Lair:1   | Reached skill level 1 in Stealth
 10110 | D:8      | Reached *** piety under Makhleb
 10177 | D:8      | Found a glowing silver altar of Zin.
 10187 | D:8      | Noticed an angel
 10189 | D:8      | Found a shimmering altar of Xom.
 10249 | D:7      | Found a radiant altar of Vehumet.
 10249 | D:7      | Found a hazy altar of Hepliaklqana.
 10328 | D:8      | Demolished by a white ugly thing

Illustrated notes

Levels and vault maps discovered:
D:1:      minmay_arrival_wavy_path, layout_basic
D:2:      layout_basic, ebering_ecumenical_altar_mist, serial_shops,
          shop_fountains, uniq_jessica
D:3:      layout_basic
D:4:      minmay_chambers_of_fours, layout_rooms
D:5:      minmay_polygon_palace, layout_basic,
          lemuel_zombie_altar_kikubaaqudgha, serial_demonic, serial_demonic_b,
          serial_demonic_c, serial_demonic_d, serial_demonic_g, serial_shops,
          nicolae_shop_hallway_plus, hangedman_decor_growths,
          amcnicky_mini_pool_medium, uniq_duvessa, uniq_blork_the_orc
D:6:      layout_cave_pools, trog_wizard, pdpol_wu_jian_five_deadly_venoms,
          jmf_multi_god_temple, minmay_temple_entry_glass
D:7:      layout_loops_cross, nicolae_overflow_hidden_temple,
          nicolae_qazlal_scattered_showers, gammafunk_ghost_smash, uniq_joseph,
          uniq_menkaure, uniq_maggie
D:8:      minmay_separated_statues, layout_basic,
          grunt_temple_overflow_order_and_chaos_1, kennysheep_ying_yang,
          mainiacjoe_overflow_brackets, lair_entry_dummy, serial_ice,
          serial_ice_k, serial_ice_h, serial_ice_o, serial_ice_e
D:9:      layout_loops_corners, gammafunk_ghost_cemetery,
          nicolae_figureground_sparkle, uniq_psyche, uniq_prince_ribbit1
Temple:   nicolae_temple_colour_theory
Lair:1:   layout_roguey, grunt_megastairs_2, uniq_harold, uniq_sonja

Skill      XL: |  1  2  3  4  5  6  7  8  9 10 11 |
---------------+----------------------------------+-----
Dodging        | 2 3 4 5 6 |  6.4
Fighting       | 2 3 4 5 6 7 |  7.3
Transmutations | 3 4 5 6 7 9 |  9.1
Unarmed Combat | 4 5 6 8 9 |  9.6
Poison Magic   | 1 2 3 |  3.0
Ice Magic      | 1 3 4 |  4.3
Translocations | 1 3 |  3.0
Invocations    | 2 |  2.5
Stealth        | 1 |  1.3
Spellcasting   | |  2.0

Action                   |  1- 3 |  4- 6 |  7- 9 | 10-12 || total
-------------------------+-------+-------+-------+-------++-------
Melee: Unarmed           |    28 |   145 |   375 |   221 ||   769
       Kick              |     2 |    34 |    68 |     3 ||   107
       Headbutt          |     2 |    18 |    46 |     2 ||    68
       Tailslap          |     2 |    21 |    35 |     3 ||    61
       Punch             |       |     2 |     7 |     4 ||    13
 Fire: Sling             |    65 |    16 |       |       ||    81
Throw: Stone             |       |       |       |     1 ||     1
 Cast: Beastly Appendage |     5 |    22 |    30 |     2 ||    59
       Wereblood         |       |     5 |    11 |     3 ||    19
       Spider Form       |       |       |    17 |    16 ||    33
       Ice Form          |       |       |       |     6 ||     6
       Blink             |       |       |       |     1 ||     1
 Abil: Breathe Lightning |       |       |     3 |       ||     3
Evoke: Wand              |       |       |     3 |       ||     3
  Use: Scroll            |     9 |     2 |     4 |     4 ||    19
       Potion            |       |       |     1 |     2 ||     3
 Stab: Confused          |       |       |     2 |       ||     2
       Sleeping          |       |       |     1 |       ||     1
Armor: Skin              |    13 |    62 |    76 |    36 ||   187
Dodge: Dodged            |    48 |   121 |   224 |   163 ||   556

Table legend: (Time is in decaauts)
 A = Elapsed time spent in this place.
 B = Non-inter-level travel time spent in this place.
 C = Inter-level travel time spent in this place.
 D = Time resting spent in this place.
 E = Time spent auto-exploring this place.
 F = Levels seen in this place.
 G = Mean time per level.
                   A        B        C        D        E       F      G
               +--------+--------+--------+--------+--------+-----+--------+
         Total |  10277 |   9756 |    521 |   2777 |   3907 |  11 |  934.3 |
       Dungeon |   9847 |   9345 |    502 |   2563 |   3816 |   9 | 1094.1 |
        Temple |    299 |    280 |     19 |    168 |     91 |   1 |  299.0 |
          Lair |    131 |    131 |      0 |     46 |      0 |   1 |  131.0 |
               +--------+--------+--------+--------+--------+-----+--------+

Top non-repeatable levels by time:
     D:9: 1978 daAuts
     D:5: 1485 daAuts
     D:4: 1419 daAuts
     D:6: 1153 daAuts
     D:1: 921 daAuts
     D:2: 775 daAuts
     D:3: 760 daAuts
     D:8: 719 daAuts
     D:7: 633 daAuts
  Temple: 299 daAuts
  Lair:1: 131 daAuts
